 Dungeon Sprint DCSS version 0.22.1-1-ga44c0e56f4 (webtiles) character file.

11963 MuseOD the Unseen (level 11, -1/63 HPs)
             Began as a Spriggan Enchanter on Sept 28, 2018.
             Was the Champion of Dithmenos.
             Slain by a seven-headed hydra (5 damage)
             ... in the Dungeon (Sprint III: "The Ten Rune Challenge").
             The game lasted 00:05:10 (2736 turns).

MuseOD the Unseen (Spriggan Enchanter)              Turns: 2736, Time: 00:05:11

Health: -1/63      AC:  2    Str:  4    XL:     11   Next: 56%
Magic:  26/29      EV: 18    Int: 20    God:    Dithmenos [******]
Gold:   31         SH:  0    Dex: 17    Spells: 22/37 levels left

rFire    . . .     SeeInvis +   a - +1 dagger
rCold    . . .     Gourm    .   (shield restricted)
rNeg     . . .     Faith    .   b - +0 robe
rPois    .         Spirit   .   (helmet restricted)
rElec    .         Reflect  .   (no cloak)
rCorr    .         Harm     .   (gloves unavailable)
MR       +....     NoTele   +   (boots unavailable)
Stlth    ++++++++++             (no amulet)
HPRegen  0.20/turn              (no ring)
MPRegen  0.21/turn              (no ring)

@: wreathed by umbra, very quick
A: very small, unfitting armour, see invisible, herbivore, speed 3, slow
metabolism 2
a: Shadow Step, Shadow Form, Renounce Religion


You were in the Dungeon.
You worshipped Dithmenos.
Dithmenos was exalted by your worship.
You were not hungry.

You visited 1 branch You collected 31 gold pieces.

Inventory:

Hand Weapons
 a - a +1 dagger (weapon)
Armour
 b - a +0 robe (worn)
Scrolls
 i - 2 scrolls of torment {unknown}
 j - a scroll of blinking
 k - 3 scrolls of identify
 l - a scroll of fear {unknown}
 n - 2 scrolls of remove curse
Potions
 c - 5 potions of mutation
 e - a potion of curing
 f - 2 potions of heal wounds
 g - a potion of haste
 h - 2 potions of magic
 m - 3 potions of flight
 o - 2 potions of berserk rage
 p - a potion of might
Comestibles
 d - 4 rations


   Skills:
 + Level 10.2 Fighting
 * Level 17.6 Short Blades
 - Level 3.0 Dodging
 + Level 17.9 Stealth
 + Level 13.9 Spellcasting
 + Level 14.0 Hexes


You had 22 spell levels left.
You knew the following spells:

 Your Spells              Type           Power        Failure   Level  Hunger
a - Corona                Hex            ######.      0%          1    None
b - Ensorcelled Hibernat  Hex/Ice        #####.       1%          2    None
c - Confuse               Hex            ######..     1%          3    None
d - Tukima's Dance        Hex            ######..     1%          3    None
e - Dazzling Spray        Conj/Hex       #####.       1%          3    None
f - Mephitic Cloud        Conj/Pois/Air  ##......     14%         3    None

Your spell library contained the following spells:

 Spells                   Type           Power        Failure   Level  Hunger
 Slow                     Hex            ######..     1%          2    None
 Magic Dart               Conj           ##..         4%          1    None
 Blink                    Tloc           N/A          7%          2    None
 Call Imp                 Summ           ##......     7%          2    None
 Conjure Flame            Conj/Fire      ##......     14%         3    None


Dungeon Overview and Level Annotations

Branches:
Dungeon (1/1)

Altars:
Dithmenos
Elyvilon
Kikubaaqudgha
Okawaru
Ru
Sif Muna
Trog
Uskayaw
Vehumet
Wu Jian
Yredelemnul
Zin
The Shining One
Beogh


Innate Abilities, Weirdness & Mutations

You are very small and have problems with some larger weapons.
You are too small for most types of armour.
You have supernaturally acute eyesight. (SInv)
You are a herbivore.
You cover ground extremely quickly.
You need to consume almost no food.


Message History

You start resting.
The seven-headed hydra is too close now for your liking.
Casting: Tukima's Dance (safe; 1% risk of failure)
Confirm with . or Enter, or press ? or * to list all spells.
Aiming: Confuse (safe; 1% risk of failure)
Press: ? - help, Shift-Dir - straight line, f - seven-headed hydra
Aim: a seven-headed hydra (hasn't noticed you, umbra, chance to defeat MR: 45%)
The seven-headed hydra roars!
The seven-headed hydra appears confused.
No target in view!
No target in view!
No target in view!
The seven-headed hydra misses you.
The seven-headed hydra completely misses you.
The seven-headed hydra bites you!!
* * * LOW HITPOINT WARNING * * *
The seven-headed hydra bites you!
* * * LOW HITPOINT WARNING * * *
The seven-headed hydra misses you. The seven-headed hydra bites you.
You die...

.....#.))#
#...'##.#.#.##.#).##.
#....#___#
+...#...#..#..##.)'..
▓▓▓▓▓▓▓▓▓▓
▓▓▓▓▓▓▓▓▓▓▓▓▓▓▓▓▓▓#..
♣♣≈≈≈........≈≈≈...#..
+♣♣'♣≈≈≈≈≈≈≈≈≈≈≈≈♣♣P.'.^
#.≈♣♣♣♣♣♣♣♣♣♣♣♣♣♣♣♣PP#^.
#..♣♣ ♣♣♣##+
###'♣♣♣♣♣♣♣♣♣♣♣♣♣♣ #..
♣♣♣♣†##.@##≈≈≈≈≈≈.. #..
♣...##.##D#≈≈≈≈≈... #).
♣♣.##.##§##'≈≈;≈≈# ###
♣.†#.##D§§#≈D..§§§


#oP ♣♣.##.##§§#≈..+### #.o ♣♣.##.#####...# #.. ♣.....# ...# #.. ####### #### #'#
#. You could see a seven-headed hydra (confused).

Vanquished Creatures
  Frances (D)
  Donald (D)
  3 yaktaur captains (D)
  Erolcha (D)
  A hydra (D)
  Urug (D)
  A lindwurm (D)
  A deep elf mage (D)
  2 spiny frogs (D)
  A komodo dragon (D)
  3 wandering mushrooms (D)
  2 tyrant leeches (D)
  5 redbacks (D)
  A shadow (D)
  A necrophage (D)
  5 two-headed ogres (D)
  A water elemental (D)
  A wizard (D)
  A jelly (D)
  A necromancer (D)
  3 humans (D)
  A kobold demonologist (D)
  An ooze (D)
  A phantom (D)
  3 rats (D)
43 creatures vanquished.

Vanquished Creatures (others)
  2 draconian scorchers (D)
  6 hellions (D)
  2 yaktaurs (D)
  An electric eel (D)
  3 ball lightnings (D)
  6 ballistomycetes (D)
  5 ballistomycete spores (D)
  12 plants (D)
37 creatures vanquished.

Grand Total: 80 creatures vanquished

Notes
Turn   | Place    | Note
-------+----------+-------------------------------------------
     0 | D        | MuseOD the Spriggan Enchanter began the quest for the Orb.
     0 | D        | Reached XP level 1. HP: 9/9 MP: 5/5
    95 | D        | Killed a hellion
    95 | D        | Killed a hellion
    95 | D        | Killed a hellion
    95 | D        | Killed a hellion
   113 | D        | Killed a yaktaur
   165 | D        | Killed a hellion
   212 | D        | Reached skill level 1 in Fighting
   212 | D        | Reached skill level 5 in Stealth
   250 | D        | Killed a hellion
   256 | D        | Killed a white draconian scorcher
   257 | D        | Killed a white draconian scorcher
   608 | D        | Reached XP level 2. HP: 15/15 MP: 6/6
   619 | D        | Reached XP level 3. HP: 17/18 MP: 8/8
   710 | D        | Learned a level 2 spell: Ensorcelled Hibernation
   714 | D        | Learned a level 3 spell: Confuse
   719 | D        | Noticed a water elemental
   722 | D        | Killed a water elemental
   722 | D        | Reached XP level 4. HP: 23/23 MP: 8/10
   745 | D        | Found a glowing silver altar of Zin.
   745 | D        | Found a glowing golden altar of the Shining One.
   745 | D        | Found a white marble altar of Elyvilon.
   745 | D        | Noticed a deep elf mage
   754 | D        | Killed a deep elf mage
   754 | D        | Reached skill level 5 in Fighting
   754 | D        | Reached skill level 10 in Stealth
   754 | D        | Reached XP level 5. HP: 30/30 MP: 4/15
   754 | D        | Reached XP level 6. HP: 35/35 MP: 4/17
   838 | D        | Found a basalt altar of Yredelemnul.
   838 | D        | Found a shadowy altar of Dithmenos.
   838 | D        | Found a sacrificial altar of Ru.
   840 | D        | Reached skill level 10 in Short Blades
   840 | D        | Reached XP level 7. HP: 39/39 MP: 19/19
   845 | D        | Became a worshipper of Dithmenos the Shadowed
   851 | D        | Found a hide-covered altar of Uskayaw.
   851 | D        | Found an iron altar of Okawaru.
   852 | D        | Found a roughly hewn altar of Beogh.
   852 | D        | Found a bloodstained altar of Trog.
   852 | D        | Found an ornate altar of the Wu Jian Council.
   852 | D        | Noticed a human
   852 | D        | Noticed a human
   854 | D        | Killed a human
   855 | D        | Killed a human
   867 | D        | Found a radiant altar of Vehumet.
   867 | D        | Found a deep blue altar of Sif Muna.
   867 | D        | Found an ancient bone altar of Kikubaaqudgha.
   869 | D        | Reached * piety under Dithmenos
   882 | D        | Learned a level 3 spell: Tukima's Dance
   886 | D        | Learned a level 3 spell: Dazzling Spray
   890 | D        | Learned a level 3 spell: Mephitic Cloud
  1003 | D        | Noticed a shadow
  1005 | D        | Killed a shadow
  1005 | D        | Reached XP level 8. HP: 44/44 MP: 21/21
  1009 | D        | Reached ** piety under Dithmenos
  1137 | D        | Noticed a two-headed ogre
  1140 | D        | Killed a two-headed ogre
  1140 | D        | Reached *** piety under Dithmenos
  1145 | D        | Noticed Erolcha
  1146 | D        | Noticed a two-headed ogre
  1148 | D        | Killed Erolcha
  1148 | D        | Reached skill level 10 in Spellcasting
  1148 | D        | Reached skill level 10 in Hexes
  1148 | D        | Reached XP level 9. HP: 43/50 MP: 22/24
  1149 | D        | Killed a two-headed ogre
  1173 | D        | Reached **** piety under Dithmenos
  1197 | D        | Noticed Donald
  1198 | D        | Noticed Frances
  1202 | D        | Killed Donald
  1202 | D        | Reached skill level 15 in Stealth
  1202 | D        | Reached XP level 10. HP: 56/56 MP: 24/26
  1203 | D        | Killed Frances
  1203 | D        | Reached skill level 15 in Short Blades
  1222 | D        | Noticed a yaktaur captain
  1222 | D        | Noticed a yaktaur captain
  1222 | D        | Noticed a yaktaur captain
  1787 | D        | Killed a yaktaur captain
  1999 | D        | Killed a yaktaur captain
  2058 | D        | Killed a yaktaur captain
  2058 | D        | Reached ***** piety under Dithmenos
  2058 | D        | Reached XP level 11. HP: 62/62 MP: 24/29
  2356 | D        | Reached ****** piety under Dithmenos
  2410 | D        | Noticed a lindwurm
  2413 | D        | Killed a lindwurm
  2413 | D        | Reached skill level 10 in Fighting
  2428 | D        | Noticed Urug
  2438 | D        | Killed Urug
  2562 | D        | Noticed a seven-headed hydra
  2562 | D        | Noticed a seven-headed hydra
  2591 | D        | Killed a seven-headed hydra
  2736 | D        | Slain by a seven-headed hydra

Skill      XL: |  1  2  3  4  5  6  7  8  9 10 11 |
---------------+----------------------------------+-----
Fighting       | 2 5 6 7 8 9 10 | 10.2
Short Blades   | 4 6 9 10 11 13 14 16 17 | 17.6
Stealth        | 6 7 10 11 13 15 16 17 | 17.9
Spellcasting   | 3 7 8 10 11 13 | 13.9
Hexes          | 4 7 9 10 11 13 14 | 14.0
Dodging        | |  3.0

Action                   |  1- 3 |  4- 6 |  7- 9 | 10-12 || total
-------------------------+-------+-------+-------+-------++-------
Melee: Dagger            |    29 |     8 |    18 |    31 ||    86
 Cast: Confuse           |       |     1 |     5 |    28 ||    34
       Mephitic Cloud    |       |       |     1 |       ||     1
       Ensorcelled Hiber |       |       |     1 |       ||     1
       Dazzling Spray    |       |       |       |     2 ||     2
  Use: Potion            |     1 |       |       |       ||     1
 Stab: Sleeping          |     5 |     1 |    12 |     6 ||    24
       Confused          |       |     2 |     4 |     7 ||    13
       Invisible         |       |       |       |     1 ||     1
Armor: Robe              |     1 |       |       |       ||     1
Dodge: Dodged            |    11 |       |     1 |    26 ||    38
